AoeStats
← GerAoe

Black Forest

510210030Analyzed
4v4 RM · 15h ago on Sep 30, 2026· 12m 54s· 8 players
Game mode
Random Map
Map size
Large (8 player)
Population
200
Speed
Normal
Resources
Standard
Victory
Conquest
Starting age
Dark Age
Ending age
Imperial Age
RankedLock teamsTeams togetherTeam positionsShared explorationLock speedFull tech treeHidden civsTurbo modeCheats
Victory
Defeat
🇨🇳 Khmer · China
966
+15
🇺🇸 Turks · United States
951
+15
🇺🇸 Danes · United States
939
+16
🇱🇻 Berbers · Latvia
883
+18
🇦🇷 Sicilians · Argentina
965
-17
🇧🇷 Turks · Brazil
958
-17
🇦🇷 Goths · Argentina
917
-15
🇦🇷 Chinese · Argentina
915
-15
Keep_Aut
2:42 Loom
10:43 Feudal Age
tts.engamb
GerAoe
0:27 Loom
Santiago50490
0:41 Loom
UnleashHeck
0:36 Loom
11:31 Feudal Age
c190
0:27 Loom
yzainc
5:14 Loom
12:06 Feudal Age
電動遊戯
2:13 Loom
11:41 Feudal Age
Connection lost

Rejoining the realm…

Still unreachable

The connection could not be restored.

Session expired

The server has moved on; the page needs a fresh start.